TOP OF THE 1ST |
Scottsdale Scorpions batting - Pitching for Savannah Hogs : RHP Danny Lee
|
Pitching: RHP Danny Lee
|
|
Batting: RHB Ricardo Gutiérrez
|
0-0: Called Strike 0-1: Ball 1-1: Fly out, F7 (Flyball, 7M)
|
Batting: RHB David Suarze
|
0-0: Ball 1-0: Swinging Strike 1-1: Swinging Strike 1-2: Foul Ball, location: 2F 1-2: Ball 2-2: Ball 3-2: Base on Balls
|
Batting: LHB Claudio Rodríguez
|
0-0: Foul Ball, location: 2F 0-1: Ball 1-1: Ball 2-1: Foul Ball, location: 2F 2-2: Ground out 3-1 (Groundball, 34) David Suarze to second
|
Batting: RHB Gary Thomas
|
0-0: Fly out, F8 (Flyball, 8LS)
|
Top of the 1st over - 0 run(s), 0 hit(s), 0 error(s), 1 left on base; Scottsdale 0 - Savannah 0 |
BOTTOM OF THE 1ST |
Savannah Hogs batting - Pitching for Scottsdale Scorpions : RHP Manny Silva
|
Pitching: RHP Manny Silva
|
|
Batting: RHB Anastasio Movonda
|
0-0: Called Strike 0-1: Ball 1-1: Ball 2-1: Foul Ball, location: 2F 2-2: Strikes out looking
|
Batting: LHB Jim Clemente
|
0-0: Ball 1-0: Ball 2-0: Swinging Strike 2-1: Ball 3-1: Base on Balls
|
Batting: LHB Ramón Morales
|
0-0: Called Strike Jim Clemente is caught stealing 2nd base 0-1: Called Strike 0-2: Ball 1-2: Ball 2-2: Ball 3-2: Foul Ball, location: 2F 3-2: Base on Balls
|
Batting: RHB Sergio Moreno
|
0-0: Ball 1-0: Ball 2-0: Called Strike 2-1: Fielders Choice at 2nd, U4 (Groundball, 4M)
|
Bottom of the 1st over - 0 run(s), 0 hit(s), 0 error(s), 1 left on base; Scottsdale 0 - Savannah 0 |
TOP OF THE 2ND |
Scottsdale Scorpions batting - Pitching for Savannah Hogs : RHP Danny Lee
|
Batting: RHB Edgardo Gonzáles
|
0-0: Fly out, F8 (Flyball, 78M)
|
Batting: RHB Steve Baird
|
0-0: Ball 1-0: Ball 2-0: Ball 3-0: Base on Balls
|
Batting: RHB Sergio Domínguez
|
0-0: DOUBLE (Flyball, 89XD) Steve Baird to third Runner from 3rd tries for Home, SAFE, throw made at trailing runner, SAFE at third!
|
Batting: LHB José Garza
|
0-0: Called Strike 0-1: Foul Ball, location: 2F 0-2: Foul Ball, location: 2F 0-2: Foul Ball, location: 2F 0-2: Strikes out looking
|
Batting: RHB Felipe Domínguez
|
0-0: Called Strike 0-1: Ball 1-1: Swinging Strike 1-2: Ball 2-2: Strikes out swinging
|
Top of the 2nd over - 1 run(s), 1 hit(s), 0 error(s), 1 left on base; Scottsdale 1 - Savannah 0 |
BOTTOM OF THE 2ND |
Savannah Hogs batting - Pitching for Scottsdale Scorpions : RHP Manny Silva
|
Batting: RHB Remi Eruzione
|
0-0: Ball 1-0: SINGLE (Line Drive, 6M)
|
Batting: LHB Pedro Medine
|
0-0: Fly out, F8 (Flyball, 8RM)
|
Batting: RHB Ignacio Rangel
|
0-0: Called Strike 0-1: Called Strike Remi Eruzione steals 2nd base 0-2: SINGLE (Line Drive, 6MD) Remi Eruzione to third Runner from 3rd tries for Home, SAFE, no throw or cutoff
|
Batting: RHB Miguel Toro
|
0-0: Called Strike 0-1: Called Strike Ignacio Rangel is caught stealing 2nd base 0-2: Ball 1-2: Strikes out swinging
|
Bottom of the 2nd over - 1 run(s), 2 hit(s), 0 error(s), 0 left on base; Scottsdale 1 - Savannah 1 |
TOP OF THE 3RD |
Scottsdale Scorpions batting - Pitching for Savannah Hogs : RHP Danny Lee
|
Batting: RHB Ricardo Gutiérrez
|
0-0: Called Strike 0-1: Ball 1-1: Ball 2-1: Called Strike 2-2: Foul Ball, location: 2F 2-2: Strikes out looking
|
Batting: RHB David Suarze
|
0-0: Called Strike 0-1: Swinging Strike 0-2: Strikes out swinging
|
Batting: LHB Claudio Rodríguez
|
0-0: Ball 1-0: Ball 2-0: Ball 3-0: Base on Balls
|
Batting: RHB Gary Thomas
|
0-0: Called Strike 0-1: Ball 1-1: Hit by Pitch Claudio Rodríguez to second
|
Batting: RHB Edgardo Gonzáles
|
0-0: Foul Ball, location: 2F 0-1: Called Strike 0-2: Strikes out swinging
|
Top of the 3rd over - 0 run(s), 0 hit(s), 0 error(s), 2 left on base; Scottsdale 1 - Savannah 1 |
BOTTOM OF THE 3RD |
Savannah Hogs batting - Pitching for Scottsdale Scorpions : RHP Manny Silva
|
Batting: RHB Ernesto Gómez
|
0-0: Called Strike 0-1: Called Strike 0-2: Foul Ball, location: 2F 0-2: Strikes out looking
|
Batting: RHB Anastasio Movonda
|
0-0: Ground out 6-3 (Groundball, 6M)
|
Batting: LHB Jim Clemente
|
0-0: Called Strike 0-1: Ball 1-1: Ball 2-1: Foul Ball, location: 2F 2-2: Strikes out swinging
|
Bottom of the 3rd over - 0 run(s), 0 hit(s), 0 error(s), 0 left on base; Scottsdale 1 - Savannah 1 |
TOP OF THE 4TH |
Scottsdale Scorpions batting - Pitching for Savannah Hogs : RHP Danny Lee
|
Batting: RHB Steve Baird
|
0-0: Called Strike 0-1: Ball 1-1: Ball 2-1: Ball 3-1: SINGLE (Line Drive, 8LS)
|
Batting: RHB Sergio Domínguez
|
0-0: Grounds into double play, 4-6-3 (Groundball, 4)
|
Batting: LHB José Garza
|
0-0: Ball 1-0: Foul Ball, location: 2F 1-1: Ball 2-1: Called Strike 2-2: Ball 3-2: Ground out 4-3 (Groundball, 4)
|
Top of the 4th over - 0 run(s), 1 hit(s), 0 error(s), 0 left on base; Scottsdale 1 - Savannah 1 |
BOTTOM OF THE 4TH |
Savannah Hogs batting - Pitching for Scottsdale Scorpions : RHP Manny Silva
|
Batting: LHB Ramón Morales
|
0-0: Called Strike 0-1: Ball 1-1: Ball 2-1: Ball 3-1: Base on Balls
|
Batting: RHB Sergio Moreno
|
0-0: Ball Ramón Morales steals 2nd base 1-0: Ball 2-0: Ball 3-0: Called Strike 3-1: Base on Balls
|
Batting: RHB Remi Eruzione
|
0-0: Foul Ball, location: 2F 0-1: Swinging Strike 0-2: Foul Ball, location: 2F 0-2: Ball 1-2: Foul Ball, location: 2F 1-2: Ball 2-2: Ball Wild Pitch! Ramón Morales to third Sergio Moreno to second 3-2: Base on Balls
|
Batting: LHB Pedro Medine
|
0-0: Fielders Choice at 2nd, 4-6 (Groundball, 4) Ramón Morales scores Sergio Moreno to third
|
Batting: RHB Ignacio Rangel
|
0-0: Called Strike 0-1: Swinging Strike 0-2: Strikes out swinging
|
Batting: RHB Miguel Toro
|
0-0: Called Strike 0-1: Swinging Strike 0-2: Ball 1-2: Foul Ball, location: 2F 1-2: Strikes out looking
|
Bottom of the 4th over - 1 run(s), 0 hit(s), 0 error(s), 2 left on base; Scottsdale 1 - Savannah 2 |
TOP OF THE 5TH |
Scottsdale Scorpions batting - Pitching for Savannah Hogs : RHP Danny Lee
|
Batting: RHB Felipe Domínguez
|
0-0: Ball 1-0: Ball 2-0: Ball 3-0: Swinging Strike 3-1: SINGLE (Flyball, 78S)
|
Batting: RHB Ricardo Gutiérrez
|
0-0: Called Strike 0-1: Called Strike 0-2: Ball 1-2: Strikes out swinging
|
Batting: RHB David Suarze
|
0-0: Ball 1-0: SINGLE (Groundball, 4MD) Felipe Domínguez to second
|
Batting: LHB Claudio Rodríguez
|
0-0: Foul Ball, location: 2F 0-1: Foul Ball, location: 2F 0-2: Foul Ball, location: 2F 0-2: Grounds out, U3 (Groundball, 3L) Felipe Domínguez to third
|
Batting: RHB Gary Thomas
|
0-0: Called Strike 0-1: Ball 1-1: Ball 2-1: Foul Ball, location: 2F 2-2: Strikes out swinging
|
Top of the 5th over - 0 run(s), 2 hit(s), 0 error(s), 2 left on base; Scottsdale 1 - Savannah 2 |
BOTTOM OF THE 5TH |
Savannah Hogs batting - Pitching for Scottsdale Scorpions : RHP Manny Silva
|
Batting: RHB Ernesto Gómez
|
0-0: Called Strike 0-1: Called Strike 0-2: Strikes out swinging
|
Batting: RHB Anastasio Movonda
|
0-0: Fly out, F9 (Flyball, 9S)
|
Batting: LHB Jim Clemente
|
0-0: Hit by Pitch
|
Batting: LHB Ramón Morales
|
0-0: Called Strike 0-1: Swinging Strike 0-2: 2-RUN HOME RUN (Line Drive, 89XD), Distance : 385 ft
|
Batting: RHB Sergio Moreno
|
0-0: Foul Ball, location: 2F 0-1: Ball 1-1: Ball 2-1: Ball 3-1: Swinging Strike 3-2: Fly out, F9 (Flyball, 89M)
|
Bottom of the 5th over - 2 run(s), 1 hit(s), 0 error(s), 0 left on base; Scottsdale 1 - Savannah 4 |
TOP OF THE 6TH |
Scottsdale Scorpions batting - Pitching for Savannah Hogs : RHP Danny Lee
|
Batting: RHB Edgardo Gonzáles
|
0-0: SINGLE (Line Drive, 6D)
|
Batting: RHB Steve Baird
|
0-0: Grounds into double play, 4-6-3 (Groundball, 4)
|
Batting: RHB Sergio Domínguez
|
0-0: Ball 1-0: Ground out 6-3 (Groundball, 6)
|
Top of the 6th over - 0 run(s), 1 hit(s), 0 error(s), 0 left on base; Scottsdale 1 - Savannah 4 |
BOTTOM OF THE 6TH |
Savannah Hogs batting - Pitching for Scottsdale Scorpions : RHP Manny Silva
|
Batting: RHB Remi Eruzione
|
0-0: Ball 1-0: Called Strike 1-1: Ball 2-1: Called Strike 2-2: Strikes out swinging
|
Pitching: LHP Eric Fisher
|
|
Batting: LHB Pedro Medine
|
0-0: SOLO HOME RUN (Line Drive, 89XD), Distance : 379 ft
|
Batting: RHB Ignacio Rangel
|
0-0: Called Strike 0-1: Ball 1-1: Ground out 3-1 (Groundball, 3L)
|
Batting: RHB Miguel Toro
|
0-0: Foul Ball, location: 2F 0-1: Ball 1-1: Ground out 6-3 (Groundball, 6)
|
Bottom of the 6th over - 1 run(s), 1 hit(s), 0 error(s), 0 left on base; Scottsdale 1 - Savannah 5 |
TOP OF THE 7TH |
Scottsdale Scorpions batting - Pitching for Savannah Hogs : RHP Danny Lee
|
Pitching: RHP Shannon Wallace
|
|
Batting: LHB José Garza
|
0-0: Ball 1-0: Called Strike 1-1: Foul Ball, location: 2F 1-2: Ball 2-2: Strikes out looking
|
Batting: RHB Felipe Domínguez
|
0-0: Called Strike 0-1: Fly out, F7 (Flyball, 78M)
|
Batting: RHB Ricardo Gutiérrez
|
0-0: Foul Ball, location: 2F 0-1: SINGLE (Line Drive, 6M)
|
Batting: RHB David Suarze
|
0-0: Ball 1-0: Fly out, F8 (Flyball, 8LM)
|
Top of the 7th over - 0 run(s), 1 hit(s), 0 error(s), 1 left on base; Scottsdale 1 - Savannah 5 |
BOTTOM OF THE 7TH |
Savannah Hogs batting - Pitching for Scottsdale Scorpions : LHP Eric Fisher
|
Batting: RHB Ernesto Gómez
|
0-0: Swinging Strike 0-1: SINGLE (Line Drive, 8RS)
|
Batting: RHB Anastasio Movonda
|
0-0: Sac Bunt - play at first, batter OUT! 5-4 Ernesto Gómez to second
|
Batting: LHB Jim Clemente
|
0-0: Foul Ball, location: 2F
|
|
|
|
0-1: Swinging Strike 0-2: Foul Ball, location: 2F 0-2: Hit by Pitch
|
Batting: LHB Ramón Morales
|
0-0: Called Strike 0-1: Ball 1-1: Swinging Strike 1-2: DOUBLE (Flyball, 89XD) Ernesto Gómez scores Jim Clemente to third
|
Batting: RHB Sergio Moreno
|
0-0: Ball 1-0: SINGLE (Groundball, 56D) Jim Clemente scores Ramón Morales to third Runner from 3rd tries for Home, SAFE, no throw or cutoff
|
Pitching: RHP Alejandro Guzmán
|
|
Batting: RHB Remi Eruzione
|
0-0: Ball 1-0: Called Strike 1-1: Foul Ball, location: 2F 1-2: Foul Ball, location: 2F 1-2: Foul Ball, location: 2F 1-2: Strikes out looking
|
Batting: LHB Pedro Medine
|
0-0: Ball 1-0: Ball 2-0: Ball 3-0: Base on Balls Sergio Moreno to second
|
Batting: RHB Ignacio Rangel
|
0-0: Ball 1-0: Called Strike 1-1: Called Strike 1-2: Ball 2-2: Fielders Choice at 2nd, 6-4 (Groundball, 6)
|
Bottom of the 7th over - 3 run(s), 3 hit(s), 0 error(s), 1 left on base; Scottsdale 1 - Savannah 8 |
TOP OF THE 8TH |
Scottsdale Scorpions batting - Pitching for Savannah Hogs : RHP Shannon Wallace
|
Now in CF: Júlio Macías
|
|
Batting: LHB Claudio Rodríguez
|
0-0: Called Strike 0-1: Ball 1-1: Ball 2-1: Ball 3-1: Ground out 1-3 (Groundball, 13S)
|
Batting: RHB Gary Thomas
|
0-0: Ball 1-0: Ball 2-0: Ball 3-0: Base on Balls
|
Batting: RHB Edgardo Gonzáles
|
0-0: Called Strike 0-1: Ball 1-1: Ball 2-1: Ball 3-1: Base on Balls Gary Thomas to second
|
Batting: RHB Steve Baird
|
0-0: Ball 1-0: Grounds into double play, 5-4-3 (Groundball, 5)
|
Top of the 8th over - 0 run(s), 0 hit(s), 0 error(s), 1 left on base; Scottsdale 1 - Savannah 8 |
BOTTOM OF THE 8TH |
Savannah Hogs batting - Pitching for Scottsdale Scorpions : RHP Alejandro Guzmán
|
Batting: RHB Miguel Toro
|
0-0: Swinging Strike 0-1: Ball 1-1: Ball 2-1: Foul Ball, location: 2F 2-2: SINGLE (Line Drive, 78S)
|
Batting: RHB Ernesto Gómez
|
0-0: Ball 1-0: Called Strike 1-1: Ball 2-1: Fly out, F9 (Line Drive, 89S)
|
Batting: RHB Anastasio Movonda
|
0-0: Called Strike 0-1: Swinging Strike 0-2: Hit by Pitch Miguel Toro to second
|
Pinch Runner at 1st Larry Smith:
|
|
Batting: LHB Jim Clemente
|
0-0: Ball 1-0: Ball 2-0: SINGLE (Line Drive, 56D) Miguel Toro to third Larry Smith to second
|
Batting: LHB Ramón Morales
|
0-0: Ball 1-0: Ball 2-0: Foul Ball, location: 2F 2-1: Foul Ball, location: 2F 2-2: Ball 3-2: SINGLE (Groundball, 34D) Miguel Toro scores Larry Smith to third Jim Clemente to second Runner from 3rd tries for Home, SAFE, no throw or cutoff
|
Batting: RHB Sergio Moreno
|
0-0: Called Strike 0-1: Ball 1-1: DOUBLE (Line Drive, 5L) Jim Clemente scores Ramón Morales to third Runner from 3rd tries for Home, SAFE, no throw or cutoff
|
Pitching: RHP Sterling Caldwell
|
|
Batting: SHB Júlio Macías
|
0-0: Called Strike 0-1: Ball 1-1: Swinging Strike 1-2: Strikes out swinging
|
Batting: LHB Pedro Medine
|
0-0: Ball 1-0: Ball 2-0: Ball 3-0: Base on Balls
|
Pinch Hitting: LHB Ivan Costello
|
0-0: Swinging Strike 0-1: Ball 1-1: Ball 2-1: Called Strike 2-2: Ball 3-2: Strikes out swinging
|
Bottom of the 8th over - 4 run(s), 4 hit(s), 0 error(s), 2 left on base; Scottsdale 1 - Savannah 12 |
TOP OF THE 9TH |
Scottsdale Scorpions batting - Pitching for Savannah Hogs : RHP Shannon Wallace
|
Now at 3B: Larry Smith
|
|
Now at SS: Ivan Costello
|
|
Now in LF: Guillermo González
|
|
Batting: RHB Sergio Domínguez
|
0-0: Called Strike 0-1: Ball 1-1: Swinging Strike 1-2: Foul Ball, location: 2F 1-2: Foul Ball, location: 2F 1-2: Foul Ball, location: 2F 1-2: Strikes out looking
|
Batting: LHB José Garza
|
0-0: SINGLE (Groundball, 4MD)
|
Batting: RHB Felipe Domínguez
|
0-0: Ball 1-0: Ball 2-0: Hit by Pitch José Garza to second
|
Batting: RHB Ricardo Gutiérrez
|
0-0: Ball 1-0: Ball 2-0: Called Strike 2-1: Ball 3-1: Base on Balls José Garza to third Felipe Domínguez to second
|
Pitching: RHP José Gonzáles
|
|
Batting: RHB David Suarze
|
0-0: Ball 1-0: Called Strike 1-1: Swinging Strike 1-2: Ball 2-2: Foul Ball, location: 2F 2-2: Ball Wild Pitch! José Garza scores Felipe Domínguez to third Ricardo Gutiérrez to second 3-2: Fly out, F8 (Flyball, 8LM) Runner from 3rd tags up, SCORES, no throw
|
Batting: LHB Claudio Rodríguez
|
0-0: Called Strike 0-1: Foul Ball, location: 2F 0-2: Strikes out swinging
|
Top of the 9th over - 2 run(s), 1 hit(s), 0 error(s), 1 left on base; Scottsdale 3 - Savannah 12 |
|
Monday, December 5th, 2016 - OOTP Baseball 17.12 Build 75
|
|